 Dungeon Crawl Stone Soup version 0.31-a0-1549-g5ff9445e89 (webtiles) character file.

Game seed: 8823686943662470867

3086895 Implojin the Acrobat (level 26, 171/246 HPs)
             Began as a Demonspawn Berserker on Jan 1, 2024.
             Was a High Priest of Trog.
             Escaped with the Orb
             ... and 5 runes
             ... and 1 gem (0 intact) on Jan 2, 2024!
             The game lasted 03:16:48 (74884 turns).

Implojin the Acrobat (Demonspawn Berserker)        Turns: 74884, Time: 03:16:48

Health: 171/246    AC: 23    Str: 22    XL:     26   Next: 36%
Magic:  23/23      EV: 31    Int:  6    God:    Trog [*****.]
Gold:   3942       SH: 10    Dex: 20    Spells: 25/25 levels left

rFire   + +          .
                       - Unarmed
rCold   . . .        k - +1 buckler {rC+}
rNeg    . . .        d - +8 fire dragon scales
rPois   +            q - +2 helmet {SInv}
rElec   +            (cloak unavailable)
rCorr   .            (gloves unavailable)
SInv    +            (boots unavailable)
Will    ++...        s - amulet of regeneration
Stlth   ++           P - ring of Cafiygiu {rPois Will+ Int-2 Stlth+}
HPRegen 1.41/turn    W - ring of Jet Nem {rElec EV+5}
MPRegen 0.36/turn

%: guardian spirit
@: hasted (expiring), studying 3 skills, very quick
A: claws 3, hooves 3, magic shield, magic regeneration, magic link, demonic
magic 3, corrupting presence 2, weakness stinger 3, deformed body, robust 1,
screaming 1, evolution 1
0: Orb of Zot
}: 5/15 runes: decaying, slimy, silver, abyssal, gossamer
a: Renounce Religion, Berserk, Trog's Hand, Brothers in Arms


You escaped.
You worshipped Trog.
Trog was extremely pleased with you.
You visited 10 branches of the dungeon, and saw 52 of its levels.
You visited the Abyss 2 times.
You also visited: Ossuary.

You collected 6482 gold pieces.
You spent 2540 gold pieces at shops.

Inventory:

Missiles
 w - 29 boomerangs (quivered)
 A - 2 throwing nets
 K - 7 poisoned darts
 L - 6 javelins
 N - 2 atropa-tipped darts
 O - 5 curare-tipped darts
 R - 6 silver javelins
Armour
 b - a +2 kite shield of reflection
 d - +8 fire dragon scales (worn)
 k - a +1 buckler of cold resistance (worn)
 q - a +2 helmet of see invisible (worn)
 Z - a +2 plate armour of willpower
Jewellery
 c - the amulet of Wuapp {Spirit -Tele rC+ Str+4 SInv}
   (You found it on level 5 of the Pits of Slime)

   [amulet of guardian spirit]

   Spirit:    It causes incoming damage to be divided between your reserves of
   health and magic.
   Str+4:     It affects your strength (+4).
   rC+:       It protects you from cold.
   SInv:      It lets you see invisible.
   -Tele:     It prevents most forms of teleportation.
 e - a ring of willpower
 o - a ring of protection from cold
 s - an amulet of regeneration (around neck)
 u - a ring of resist corrosion
 B - the ring "Ische" {Fire ^Contam rPois rN+ Slay+2}
   (You took it off a deep elf high priest on level 3 of the Elven Halls)

   [ring of fire]

   Fire:      It enhances your fire magic.
   Slay+2:    It affects your accuracy & damage with ranged weapons and melee
   (+2).
   rF+:       It protects you from fire.
   rC-:       It makes you vulnerable to cold.
   rPois:     It protects you from poison rN+: It protects you from negative
   energy.
   ^Contam:   It causes magical contamination when unequipped.
 H - a ring of protection from fire
 M - the ring "Weobb" {Fly rC+ rN+ Int+5 Slay-3}
   (You took it off an ironbound preserver on level 5 of the Vaults)

   [ring of flight]

   Int+5:     It affects your intelligence (+5).
   Slay-3:    It affects your accuracy & damage with ranged weapons and melee
   (-3).
   rC+:       It protects you from cold.
   rN+:       It protects you from negative energy.
   Fly:       It grants you flight.
 P - the ring of Cafiygiu (left claw) {rPois Will+ Int-2 Stlth+}
   (You took it off a deep elf high priest on level 3 of the Elven Halls)

   [ring of poison resistance]

   Int-2:     It affects your intelligence (-2).
   rPois:     It protects you from poison Will+: It increases your willpower.
   Stlth+:    It makes you more stealthy.
 T - a ring of protection from fire
 W - the ring of Jet Nem (right claw) {rElec EV+5}
   (You took it off an orc knight on level 4 of the Vaults)

   [ring of evasion]

   EV+5:      It affects your evasion (+5).
   rElec:     It insulates you from electricity.
Talismans
 G - the storm talisman of Lulekem {rCorr Str+5 Dex+5}
   (You took it off Sojobo on level 2 of the Depths)

   [storm talisman]

   Str+5:     It affects your strength (+5).
   Dex+5:     It affects your dexterity (+5).
   rCorr:     It protects you from acid and corrosion.
Wands
 a - a wand of digging (24)
 y - a wand of quicksilver (46)
 S - a wand of roots (77)
Scrolls
 h - 5 scrolls of vulnerability
 l - a scroll of teleportation
 t - 4 scrolls of butterflies
 E - 6 scrolls of immolation
 F - 8 scrolls of silence
 I - a scroll of revelation
 J - 3 scrolls of fear
 Y - 2 scrolls of blinking
Potions
 f - 5 potions of mutation
 g - 5 potions of ambrosia
 i - 4 potions of enlightenment
 j - 17 potions of curing
 m - a potion of resistance
 r - 5 potions of magic
 v - 4 potions of might
 z - a potion of cancellation
 C - 2 potions of heal wounds
 D - 3 potions of invisibility
 V - 3 potions of haste
Miscellaneous
 n - a phantom mirror
 p - a box of beasts
 x - a condenser vane
 Q - a phial of floods (inert)


   Skills:
 - Level 22.0 Fighting
 - Level 8.0 Throwing
 - Level 19.6 Armour
 * Level 24.4 Dodging
 - Level 10.0 Stealth
 - Level 15.0 Shields
 - Level 22.0 Unarmed Combat


You had 25 spell levels left.
You didn't know any spells.
Your spell library was empty.

Dungeon Overview and Level Annotations

Branches:
Dungeon (15/15)            Temple (0/1) D:4            Lair (5/5) D:10
  Swamp (4/4) Lair:2       Spider (4/4) Lair:3        Slime (5/5) Lair:5
    Orc (2/2) D:11            Elf (3/3) Orc:2        Vaults (5/5) D:14
  Crypt (0/3) Vaults:3     Depths (4/4) D:15            Zot (5/5) Depths:4
Ossuary (visited)

Altars:
Cheibriados
Kikubaaqudgha
Makhleb
Okawaru
Qazlal
Sif Muna
Trog
Vehumet
Wu Jian
Jiyva

Shops:
Orc:2 ([:(   Elf:3 (   Vaults:2 [   Vaults:5 ?=([

Portals:
Hell: Depths:1 Depths:2 Depths:3 Depths:4
Abyss: Zot:3 Depths:3
Pandemonium: Depths:2
Ziggurat: Depths:1
Trove: Vaults:1 (give 16 potions of curing)

Annotations:
Vaults:3 36 runed doors, exclusion: 36 doors
Depths:2 1 runed translucent door
Zot:1 exclusions: lightning spire, war gargoyle and 1 more exclusion
Zot:3 2 transporters, ketchum's ghost, veteran MiHu
Zot:5 2 transporters, Aldia's ghost, veteran DgIE


Innate Abilities, Weirdness & Mutations

You have claws for hands.
You have hooves in place of feet.
When hurt, damage is shared between your health and your magic reserves.
You regenerate magic rapidly.
When low on magic, you restore magic in place of health.
Spells you cast and wands you use may paralyse nearby enemies.
Your presence sometimes corrodes or deforms those you injure.
You have a sharp stinger which inflicts weakening toxins.
Armour fits poorly on your strangely shaped body.
You are robust. (+10% HP)
You occasionally shout uncontrollably at your foes.
You have hidden genetic potential.


Message History

(Z) Zot
Where to? (Tab/Enter - D:1 @ (x,y), ? - help)
There is an open door here.
There is an open door here.
An Ice Fiend comes into view.
Danger: Ice Fiend |T3| Reason: Torment and not torment immune!
Okay, then.
You feel yourself speed up.
Danger: Ice Fiend |T3| Reason: Torment and not torment immune!
Unknown command.
Danger: Ice Fiend |T3| Reason: Torment and not torment immune!
Danger: Ice Fiend |T3| Reason: Torment and not torment immune!
You see here a +0 dagger.
Danger: Ice Fiend |T3| Reason: Torment and not torment immune!
Danger: Ice Fiend |T3| Reason: Torment and not torment immune!
The Ice Fiend calls on the powers of darkness!
Your body is wracked with pain!
Danger: Ice Fiend |T3| Reason: Torment and not torment immune!
Danger: Low HP Warning |T2| Reason: 52% HP (128/246) Danger: Ice Fiend |T3| Reason: Torment and not torment immune!
Danger: Ice Fiend |T3| Reason: Torment and not torment immune!
Danger: Ice Fiend |T3| Reason: Torment and not torment immune!
Danger: Ice Fiend |T3| Reason: Torment and not torment immune!
There is a stone staircase leading up here.
You climb upwards.
There is a stone staircase leading down here.
Unknown command.
(D) Dungeon (T) Temple (L) Lair (S) Swamp (N) Spider Nest (M) Slime Pits (O) Orcish Mines (E) Elven Halls (V) Vaults (C) Crypt (U) Depths (H) Hell (Z) Zot
Where to? (Tab/Enter - D:1 @ (x,y), ? - help) Magic restored.
You enter the shallow water.
Moving in this stuff is going to be slow.
Your extra speed is starting to run out.
There is a staircase leading out of the dungeon here.
Unknown command.
Unknown command.
You have escaped!

#.....♣.............♣........#
#..♣♣♣~♣.....PP....♣~♣♣♣....##
#.♣...♣~♣...PPPP..♣~♣...♣.....
#♣.....♣~♣PPPPPPP♣~♣.....♣.##.
♣......♣~♣PPPPP♣~♣......♣.##.
♣...)..P♣~♣PPP♣~♣P......♣.##.
##♣.....PPP♣~♣♣♣~♣PPP.....♣.##.
#..♣...PPPPP♣~~~♣PPPPP...♣..##.
#...♣..PPPPP♣~@~♣PPPPP..♣...##.
###..♣....PPPP♣~~~♣PPPP....♣..##.
....♣......PP♣~♣♣♣~♣PP......♣.##.
...#♣......P♣~♣PPP♣~♣P......♣.##.
...#♣......♣~♣PPPPP♣~♣......♣.###
...#♣.....♣~♣PPPPPPP♣~♣.....♣...#
.....♣...♣~♣..PPPP.[.♣~♣...♣#.#.#
...#.#♣♣♣~♣....PP.....♣~♣♣♣......
.###.#...♣.............♣# #.###).


There were no monsters in sight!

Vanquished Creatures
  An ancient lich (Zot:5)
  4 orbs of fire
  Mennas (Vaults:2)
  Sojobo (Depths:2)
  A shard shrike (Zot:3)
  2 Killer Klowns (Zot:5)
  6 curse toes
  Nikola (Swamp:4)
  14 golden dragons
  Norris (Vaults:1)
  2 doom hounds (Depths:2)
  4 electric golems
  10 tentacled monstrosities
  3 walking earthen tomes (Depths:3)
  A walking frostbound tome (Depths:2)
  23 Orb Guardians
  4 quicksilver dragons
  2 deep elf master archers (Elf:3)
  4 sphinxes
  8 titans
  4 deep elf blademasters (Elf:3)
  6 death cobs
  13 acid blobs
  A tentacled starspawn (Abyss:3)
  Kirke (Lair:5)
  9 tengu reavers
  13 storm dragons
  2 rockslimes
  6 shadow dragons
  4 azure jellies
  11 fire giants
  Donald (Spider:1)
  An iron dragon (Depths:3)
  6 draconian shifters
  2 fenstrider witches
  5 protean progenitors
  9 draconian monks
  7 frost giants
  5 deep elf sorcerers
  7 draconian knights
  6 deep elf elementalists
  15 draconian scorchers
  14 vault wardens
  8 ghost moths
  5 emperor scorpions
  Louise (Elf:3)
  5 balrugs
  4 orc warlords
  4 quicksilver oozes
  2 spriggan defenders
  A formless jellyfish (Vaults:2)
  4 draconian stormcallers
  36 very ugly things
  15 ironbound preservers
  8 draconian annihilators
  3 reapers
  3 broodmothers (Spider:2)
  7 stone giants
  6 ironbound thunderhulks
  11 green draconians
  A demonspawn black sun (Zot:4)
  9 eleionomae
  4 deep elf annihilators
  6 deep elf demonologists (Elf:3)
  A putrid mouth (Depths:1)
  8 dire elephants
  6 deep elf death magi
  14 black draconians
  15 white draconians
  12 purple draconians
  7 yellow draconians
  5 spark wasps
  7 war gargoyles
  2 vampire knights (Depths:2)
  6 bunyips
  22 red draconians
  10 fire dragons
  2 green deaths (Zot:3)
  2 shambling mangroves
  4 entropy weavers
  14 ettins
  Josephine (Lair:3)
  An entropy weaver (shapeshifter) (Elf:1)
  Fannar (Lair:3)
  7 great orbs of eyes
  17 yaktaur captains
  8 deep elf high priests
  32 vault guards
  A hell beast (Depths:3)
  9 ice dragons
  3 rakshasas
  2 peacekeepers
  3 ghost crabs
  5 catoblepae
  2 jorogumos (Spider:4)
  9 ironbound frosthearts
  10 centaur warriors
  10 hydras
  A spriggan air mage (Depths:2)
  3 radroaches (Spider:2)
  7 boulder beetles
  3 ogre magi
  5 tengu warriors
  17 two-headed ogres
  3 satyrs (D:14)
  33 dancing weapons
  4 deep troll shamans (Depths:4)
  A death knight (D:13)
  14 alligators
  9 death yaks
  2 demonic crawlers
  7 hell hogs
  3 occultists (D:15)
  4 spriggan berserkers
  6 deep troll earth magi
  3 vampire magi
  3 orc high priests
  2 soul eaters
  5 spriggans
  Nergalle (D:10)
  18 deep elf knights
  4 iron trolls
  10 hell knights
  A wretched star (Abyss:3)
  A spectral spark wasp (Depths:3)
  42 deep trolls
  2 goliath frogs
  3 shadow wraiths
  4 skysharks
  Amaemon (D:11)
  5 pharaoh ants
  A spriggan druid (Swamp:2)
  2 sixfirhies
  A spark wasp zombie (Depths:1)
  A skeletal warrior (Vaults:3)
  A death drake (Swamp:4)
  6 swamp dragons
  3 sun moths (Spider:4)
  7 glowing orange brains
  3 bog bodies
  12 orb spiders
  8 arcanists
  17 ironbound convokers
  6 flayed ghosts
  18 deep elf archers
  8 lindwurms
  4 harpies (Vaults:1)
  34 deep elf pyromancers
  10 necromancers
  6 steelbarb worms
  6 large abominations
  3 phantasmal warriors (Vaults:5)
  15 wolf spiders
  A starcursed mass (Abyss:3)
  30 deep elf zephyrmancers
  13 orc knights
  4 manticores
  A worldbinder (Abyss:3)
  9 orc sorcerers
  27 ugly things
  4 lightning spires (Zot:1)
  A fire giant zombie (Depths:1)
  An oklob plant (Lair:2)
  3 shining eyes
  29 moths of wrath
  6 will-o-the-wisps
  3 cyclopes
  8 kobold blastminers
  12 elephants
  7 black mambas
  2 eyes of devastation (shapeshifter) (Depths:3)
  A stone giant skeleton (Depths:1)
  An unseen horror (shapeshifter) (D:13)
  2 eyes of devastation (Slime:2)
  2 orange demons
  28 vault sentinels
  9 torpor snails
  2 gargoyles
  3 smoke demons
  23 cane toads
  An elf zombie (Vaults:1)
  A komodo dragon (shapeshifter) (Vaults:5)
  2 hellions
  2 kobold demonologists (D:9)
  31 yaktaurs
  6 komodo dragons
  7 rime drakes
  2 tormentors (Depths:2)
  9 freezing wraiths
  An ancient zyme (Abyss:3)
  2 efreet
  A yaktaur skeleton (Vaults:1)
  3 tengu conjurers
  A queen bee (shapeshifter) (D:15)
  4 hornets
  A merfolk (shapeshifter) (Depths:2)
  4 hellwings (Abyss:2)
  9 tyrant leeches
  A silent spectre (Abyss:3)
  6 trolls
  5 polar bears
  26 tarantellas
  2 snapping turtles (Zot:3)
  9 raiju
  6 blink frogs
  3 spriggan zombies (D:15)
  4 glass eyes
  A raiju (shapeshifter) (D:15)
  22 dream sheep
  An ettin skeleton (Abyss:3)
  39 slime creatures
  16 jumping spiders
  4 fire dragon skeletons (D:15)
  6 wraiths
  A spriggan (shapeshifter) (D:15)
  A vampire (D:12)
  5 air elementals
  15 water elementals
  A shadow (D:9)
  9 wyverns
  14 culicivoras
  3 fire elementals
  6 wargs
  12 basilisks
  4 hogs
  3 small abominations (Abyss:3)
  52 yaks
  4 humans (D:14)
  A redback (shapeshifter) (Depths:3)
  42 redbacks
  5 swamp worm simulacra (Swamp:4)
  A steam dragon (Lair:1)
  7 vampire mosquitoes
  A chaos spawn (Zot:5)
  Menkaure (D:7)
  10 swamp worms
  2 acid dragons
  15 water moccasins
  2 human simulacra (Vaults:1)
  16 hydra simulacra (Swamp:4)
  39 orc warriors
  8 ice beasts
  A black bear (Lair:1)
  2 sky beasts
  4 swamp drakes
  13 ogres
  2 laughing skulls (Abyss:3)
  12 wolves
  5 boggarts (D:14)
  A tengu (shapeshifter) (D:15)
  11 centaurs
  A lemure (D:7)
  A phantom (D:3)
  18 bullfrogs
  6 kobold brigands
  A gnoll sergeant (D:7)
  2 elf skeletons (D:6)
  3 earth elementals
  4 scorpions
  2 water moccasin zombies (D:4)
  4 killer bees
  A howler monkey (D:7)
  11 electric eels
  8 bullfrog zombies (Ossuary)
  A centaur zombie (D:4)
  3 lava snakes (Lair:2)
  7 hounds
  6 jellies
  A quasit (Abyss:3)
  A gnoll bouda (D:7)
  24 orc priests
  A human zombie (D:6)
  Crazy Yiuf (D:5)
  2 sleepcaps
  Jessica (D:2)
  2 human skeletons
  4 iguanas
  7 hell rats (Lair:5)
  18 orc wizards
  Natasha (thrice) (D:3)
  A scorpion zombie (D:4)
  2 killer bee zombies (Ossuary)
  2 crocodile zombies (Ossuary)
  6 hound zombies
  2 hound skeletons (D:4)
  13 mummies (Ossuary)
  5 howler monkey zombies (Ossuary)
  A howler monkey skeleton (D:4)
  12 gnolls
  9 adders
  2 white imps (D:6)
  2 swamp drake simulacra (Swamp:4)
  2 dart slugs
  98 orcs
  5 bats
  6 endoplasms
  9 goblins
  2 hobgoblins
  7 jackals
  12 kobolds
  3 quokkas
  4 ball pythons
  3 ball python zombies (Ossuary)
  3 frilled lizards
  An orc skeleton (D:6)
  An orc zombie (D:6)
  8 rats
  An aspiring flesh (Zot:3)
  A starspawn tentacle (Abyss:3)
2209 creatures vanquished.

Vanquished Creatures (collateral kills)
  the Royal Jelly (Slime:5)
  An orb of fire (Zot:5)
  Boris (Vaults:4)
  Arachne (Spider:4)
  A Hell Sentinel (Zot:3)
  2 Orb Guardians (Zot:5)
  Grunn (Depths:2)
  2 acid blobs
  Mlioglotl (Swamp:4)
  A draconian monk (Zot:4)
  An azure jelly (Slime:5)
  A shadow dragon (Vaults:5)
  A draconian scorcher (Zot:4)
  A deep elf elementalist (Elf:3)
  A vault warden (Vaults:4)
  A draconian shifter (Zot:5)
  A draconian annihilator (Zot:5)
  An orc warlord (Orc:1)
  An ironbound preserver (Vaults:5)
  A spriggan defender (Depths:4)
  A stone giant (Depths:4)
  A demonspawn black sun (Zot:4)
  A red draconian (Zot:5)
  An ettin (Vaults:5)
  A vault guard (Vaults:5)
  A spriggan air mage (Depths:4)
  2 hydras (Swamp:4)
  A jorogumo (Spider:4)
  A dancing weapon (Elf:2)
  2 death yaks (Lair:2)
  A hell knight (Vaults:5)
  A goliath frog (Swamp:4)
  An orc knight (Vaults:4)
  An ironbound convoker (Vaults:5)
  A steelbarb worm (Spider:4)
  A deep elf pyromancer (Elf:1)
  Pikel (D:6)
  A deep elf zephyrmancer (Elf:2)
  A vault sentinel (Vaults:5)
  2 elephants (Lair:5)
  A black mamba (Lair:5)
  A komodo dragon (Lair:5)
  4 yaktaurs
  A glass eye (Slime:5)
  2 slime creatures
  2 wyverns (Lair:5)
  4 hogs (Lair:5)
  2 redbacks (Spider:4)
  A swamp worm (Swamp:4)
  An orc warrior (Vaults:4)
  An orc priest (Vaults:4)
  A hell rat (Lair:5)
  A swamp drake simulacrum (Swamp:4)
67 creatures vanquished.

Vanquished Creatures (others)
  A titan (Vaults:5)
  A red draconian (Zot:2)
  A bunyip (Swamp:4)
  An alligator (Swamp:2)
  A shock serpent (Zot:1)
  A sixfirhy (Zot:1)
  A wolf spider (Spider:2)
  A tengu conjurer (D:13)
  4 bloated husks
  An orc warrior (Orc:2)
  A howler monkey (D:7)
  A jelly (D:4)
  An orc wizard (Orc:2)
  2 orcs (Orc:1)
  16 foxfires
  A starspawn tentacle (Abyss:3)
35 creatures vanquished.

Grand Total: 2311 creatures vanquished

Notes
Turn   | Place    | Note
-------+----------+-------------------------------------------
     0 | D:1      | Implojin the Demonspawn Berserker began the quest for the
                  | Orb.
     0 | D:1      | Reached XP level 1. HP: 18/18 MP: 1/1
   232 | D:1      | Discovered your monstrous ancestry.
   232 | D:1      | Gained mutation: You have sharp fingernails. [demonic
                  | ancestry]
   232 | D:1      | Reached XP level 2. HP: 21/24 MP: 2/2
  1098 | D:2      | Noticed Jessica
  1115 | D:2      | Killed Jessica
  1116 | D:2      | Reached XP level 3. HP: 15/29 MP: 3/3
  1401 | D:3      | Found a faded altar of an unknown god.
  1409 | D:3      | Reached ** piety under Trog
  1410 | D:3      | Gained mutation: You have very sharp fingernails. [demonic
                  | ancestry]
  1410 | D:3      | Reached XP level 4. HP: 34/35 MP: 4/4
  1962 | D:2      | Reached skill level 5 in Unarmed Combat
  2843 | D:3      | Noticed Natasha
  2851 | D:3      | Killed Natasha
  2979 | D:3      | Reached XP level 5. HP: 30/41 MP: 5/5
  3057 | D:3      | Found an ornate altar of the Wu Jian Council.
  3058 | D:3      | Found a burning altar of Makhleb.
  3058 | D:3      | Found a snail-covered altar of Cheibriados.
  3059 | D:3      | Found a radiant altar of Vehumet.
  3305 | D:3      | Noticed Natasha
  3310 | D:3      | Killed Natasha
  3485 | D:3      | Found a snail-covered altar of Cheibriados.
  3486 | D:3      | Found an ornate altar of the Wu Jian Council.
  3487 | D:3      | Found a burning altar of Makhleb.
  3488 | D:3      | Found a radiant altar of Vehumet.
  3564 | D:3      | Noticed Natasha
  3569 | D:3      | Killed Natasha
  3657 | D:3      | Found a faded altar of an unknown god.
  3724 | D:4      | Noticed a phantom
  3754 | D:3      | Killed a phantom
  3755 | D:3      | Gained mutation: You have a small tail. [demonic ancestry]
  3755 | D:3      | Reached XP level 6. HP: 43/47 MP: 6/6
  4005 | D:4      | Found a staircase to the Ecumenical Temple.
  4221 | D:4      | Gained mutation: You have a tail ending in a sharp stinger.
                  | [demonic ancestry]
  4221 | D:4      | Reached XP level 7. HP: 51/52 MP: 7/7
  4572 | D:5      | Entered Level 5 of the Dungeon
  4960 | D:5      | Gained mutation: You have large cloven feet. [demonic
                  | ancestry]
  4960 | D:5      | Reached XP level 8. HP: 60/60 MP: 8/8
  5472 | D:5      | Reached *** piety under Trog
  5860 | D:5      | Found a runed translucent door.
  5861 | D:5      | Noticed Crazy Yiuf
  5867 | D:5      | Killed Crazy Yiuf
  5999 | D:6      | Reached skill level 10 in Unarmed Combat
  6241 | D:6      | Found an iron altar of Okawaru.
  6354 | D:6      | Found a sand-covered staircase.
  6365 | Ossuary  | Entered an ossuary
  6449 | Ossuary  | Gained mutation: Spells you cast may paralyse adjacent
                  | enemies. [demonic ancestry]
  6449 | Ossuary  | Reached XP level 9. HP: 60/65 MP: 9/9
  6533 | Ossuary  | Reached **** piety under Trog
  7019 | D:7      | Noticed Pikel
  7153 | D:6      | Identified the +11 mace of Himiosch {vamp, +Blink}
  7242 | D:6      | Reached skill level 5 in Fighting
  7621 | D:6      | Killed Pikel
  7667 | D:7      | Noticed Menkaure
  7676 | D:7      | Killed Menkaure
  7677 | D:7      | Reached skill level 1 in Stealth
  7851 | D:7      | Gained mutation: You regenerate magic rapidly. [demonic
                  | ancestry]
  7851 | D:7      | Reached XP level 10. HP: 79/79 MP: 10/10
  7874 | D:7      | Reached ***** piety under Trog
  7990 | D:7      | Identified the +5 robe of Responsibility {*Slow rF+ Regen+
                  | Dex+7}
  8063 | D:7      | Reached skill level 5 in Stealth
  8063 | D:7      | Reached skill level 2 in Dodging
  8189 | D:7      | Found an ancient bone altar of Kikubaaqudgha.
  8197 | D:7      | Found a bloodstained altar of Trog.
  8377 | D:8      | Reached skill level 3 in Dodging
  8726 | D:9      | Reached skill level 4 in Dodging
  8849 | D:9      | Reached skill level 5 in Dodging
  8851 | D:9      | Noticed a sixfirhy
  8852 | D:9      | Noticed a smoke demon
  9290 | D:9      | Reached skill level 6 in Dodging
  9390 | D:10     | Entered Level 10 of the Dungeon
  9473 | D:10     | Found a staircase to the Lair.
  9483 | D:10     | Reached skill level 7 in Dodging
  9514 | D:10     | Noticed a two-headed ogre
  9530 | D:10     | Killed a two-headed ogre
  9531 | D:10     | Reached skill level 8 in Dodging
  9531 | D:10     | Reached XP level 11. HP: 84/84 MP: 11/11
  9539 | D:10     | Noticed Nergalle
 10175 | D:10     | Killed Nergalle
 10282 | D:11     | Found a staircase to the Orcish Mines.
 10378 | D:11     | Noticed Amaemon
 10411 | D:11     | Killed Amaemon
 10521 | D:11     | Noticed a two-headed ogre
 10537 | D:11     | Killed a two-headed ogre
 10867 | Lair:1   | Entered Level 1 of the Lair of Beasts
 11483 | Lair:1   | Reached skill level 15 in Unarmed Combat
 11483 | Lair:1   | Gained mutation: You have hoof-like feet. [demonic
                  | ancestry]
 11483 | Lair:1   | Reached XP level 12. HP: 91/91 MP: 12/12
 11847 | Lair:2   | Reached skill level 9 in Dodging
 12212 | Lair:2   | Reached skill level 10 in Dodging
 12359 | Lair:2   | Noticed a death yak
 12359 | Lair:2   | Noticed a death yak
 12369 | Lair:2   | Noticed a death yak
 12370 | Lair:2   | Noticed a death yak
 12372 | Lair:2   | Noticed a death yak
 12372 | Lair:2   | Noticed a death yak
 12380 | Lair:2   | Killed a death yak
 12390 | Lair:2   | Killed a death yak
 12618 | Lair:2   | Received a gift from Trog
 12619 | Lair:2   | Reached skill level 11 in Dodging
 12623 | Lair:2   | Found a staircase to the Swamp.
 12733 | Lair:2   | Killed a death yak
 12809 | Lair:2   | Killed a death yak
 12813 | Lair:2   | Killed a death yak
 12816 | Lair:2   | Killed a death yak
 12878 | Lair:2   | Reached skill level 12 in Dodging
 12922 | Lair:2   | Noticed a catoblepas
 13070 | Lair:2   | Killed a catoblepas
 13071 | Lair:2   | Reached XP level 13. HP: 96/96 MP: 13/13
 13712 | Lair:2   | Found a staircase to the Swamp.
 14274 | Lair:3   | Noticed Josephine
 14458 | Lair:3   | Noticed Fannar
 14466 | Lair:3   | Killed Fannar
 14561 | Lair:3   | Found a hole to the Spider Nest.
 14813 | Lair:3   | Killed Josephine
 15843 | Lair:4   | Gained mutation: You have a sharp stinger which inflicts
                  | weakening toxins. [demonic ancestry]
 15843 | Lair:4   | Reached XP level 14. HP: 103/103 MP: 14/14
 16331 | Lair:5   | Entered Level 5 of the Lair of Beasts
 16374 | Lair:5   | Noticed Kirke
 16422 | Lair:5   | Killed Kirke
 16886 | Lair:5   | Found the +12 glaive of Prune {freeze, Prune}
 17091 | Lair:5   | Received a gift from Trog
 17176 | Lair:5   | Identified the +11 sling of Haupn {freeze, +Blink}
 17819 | Lair:5   | Found a viscous altar of Jiyva.
 17819 | Lair:5   | Found a staircase to the Slime Pits.
 19121 | D:12     | Identified the +0 falchion "Romizuot" {heavy, +Blink rPois
                  | Int+3}
 19714 | D:13     | Reached skill level 13 in Dodging
 19714 | D:13     | Gained mutation: When hurt, damage is shared between your
                  | health and your magic reserves. [demonic ancestry]
 19714 | D:13     | Reached XP level 15. HP: 108/108 MP: 15/15
 20680 | D:14     | Reached ****** piety under Trog
 20723 | D:14     | Found a gate to the Vaults.
 20815 | D:14     | Reached skill level 14 in Dodging
 21590 | D:14     | Found the +5 robe of Night {Dark Will+ SInv}
 21654 | D:15     | Entered Level 15 of the Dungeon
 21904 | D:15     | Received a gift from Trog
 22024 | D:15     | Reached skill level 15 in Dodging
 22546 | D:15     | Found a staircase to the Depths.
 22551 | D:15     | Noticed a frost giant
 22771 | D:15     | Reached skill level 16 in Dodging
 22826 | D:15     | Killed a frost giant
 22998 | Orc:1    | Entered Level 1 of the Orcish Mines
 23028 | Orc:1    | Received a gift from Trog
 23286 | Orc:1    | Noticed Maurice
 23287 | Orc:1    | Maurice changed into Maurice the hog
 23287 | Orc:1    | Noticed Maurice
 23294 | Orc:1    | Killed Maurice the hog
 23663 | Orc:2    | Entered Level 2 of the Orcish Mines
 23676 | Orc:2    | Found a staircase to the Elven Halls.
 23792 | Orc:2    | Gained mutation: When low on magic, you restore magic in
                  | place of health. [demonic ancestry]
 23792 | Orc:2    | Reached XP level 16. HP: 115/115 MP: 16/16
 24328 | Orc:2    | Reached skill level 5 in Armour
 24571 | Orc:2    | Found Giehem's Book Emporium.
 24605 | Orc:2    | Found Hacuek's Antique Weapon Shoppe.
 24741 | Orc:2    | Found Qidwov's Antique Armour Boutique.
 24854 | Orc:2    | Received a gift from Trog
 24947 | Orc:2    | Found Litaik's Antique Weapon Shop.
 25193 | Spider:1 | Entered Level 1 of the Spider Nest
 25588 | Spider:1 | Noticed Donald
 25595 | Spider:1 | Killed Donald
 27145 | Spider:2 | Identified the +0 helmet "Awnic" {rN+ Dex-3 Stlth+}
 27169 | Spider:2 | Reached skill level 10 in Stealth
 28878 | Spider:3 | Reached skill level 10 in Fighting
 28878 | Spider:3 | Received a gift from Trog
 29396 | Spider:3 | Identified the orb "Tuemp" {light, Will+}
 29512 | Spider:4 | Entered Level 4 of the Spider Nest
 29611 | Spider:3 | Gained mutation: You have claws for hands. [demonic
                  | ancestry]
 29611 | Spider:3 | Reached XP level 17. HP: 87/128 MP: 12/17
 30993 | Spider:4 | Noticed Arachne
 31029 | Spider:4 | Killed Arachne
 31867 | Spider:4 | Paralysed by a jorogumo for 2 turns
 32394 | Spider:4 | Got a gossamer rune of Zot
 32909 | Swamp:1  | Entered Level 1 of the Swamp
 33028 | Lair:2   | Received a gift from Trog
 34559 | Swamp:1  | Reached skill level 15 in Fighting
 35908 | Swamp:3  | Reached XP level 18. HP: 135/145 MP: 15/18
 36202 | Swamp:4  | Entered Level 4 of the Swamp
 36366 | Swamp:4  | Noticed Mlioglotl
 36372 | Swamp:4  | Killed Mlioglotl
 36555 | Swamp:4  | Noticed Nikola
 36592 | Swamp:4  | Killed Nikola
 37491 | Swamp:4  | Got a decaying rune of Zot
 37955 | Vaults:1 | Entered Level 1 of the Vaults
 38031 | Vaults:1 | Found a portal to a secret trove of treasure.
 38365 | Vaults:1 | Received a gift from Trog
 38562 | Vaults:1 | Noticed Norris
 38606 | Vaults:1 | Killed Norris
 39344 | Vaults:2 | Noticed Mennas
 39475 | Vaults:2 | Killed Mennas
 39687 | Vaults:2 | Reached skill level 10 in Armour
 39715 | Vaults:2 | Reached XP level 19. HP: 112/155 MP: 15/19
 39811 | Vaults:2 | Received a gift from Trog
 39849 | Vaults:2 | Found a transporter.
 39849 | Vaults:2 | Found Cev Sucint's Antique Armour Emporium.
 40004 | Vaults:2 | Paralysed by a formless jellyfish for 1 turns
 40027 | Vaults:2 | Identified the +3 scimitar "Blob" {vamp, rElec Str+2}
 40816 | Vaults:2 | Found a transporter.
 41023 | Vaults:3 | Found a staircase to the Crypt.
 41184 | Vaults:3 | You fall into a shaft and drop 1 floor!
 41703 | Vaults:4 | Received a gift from Trog
 42558 | Vaults:4 | Noticed Boris
 42978 | Vaults:3 | Found a huge runed gate.
 42978 | Vaults:3 | Found a huge runed gate.
 42978 | Vaults:3 | Found a huge runed gate.
 42978 | Vaults:3 | Found a huge runed gate.
 42978 | Vaults:3 | Found a huge runed gate.
 42979 | Vaults:3 | Found a huge runed gate.
 42979 | Vaults:3 | Found a huge runed gate.
 42979 | Vaults:3 | Found a huge runed gate.
 42979 | Vaults:3 | Found a huge runed gate.
 42979 | Vaults:3 | Found a huge runed gate.
 42980 | Vaults:3 | Found a huge runed gate.
 43003 | Vaults:3 | Found a huge runed gate.
 43004 | Vaults:3 | Found a huge runed gate.
 43005 | Vaults:3 | Found a huge runed gate.
 43007 | Vaults:3 | Found a huge runed gate.
 43008 | Vaults:3 | Found a huge runed gate.
 43009 | Vaults:3 | Found a huge runed gate.
 43017 | Vaults:3 | Found a huge runed gate.
 43017 | Vaults:3 | Found a huge runed gate.
 43017 | Vaults:3 | Found a huge runed gate.
 43017 | Vaults:3 | Found a huge runed gate.
 43017 | Vaults:3 | Found a huge runed gate.
 43017 | Vaults:3 | Found a huge runed gate.
 43018 | Vaults:3 | Found a huge runed gate.
 43019 | Vaults:3 | Found a huge runed gate.
 43020 | Vaults:3 | Found a huge runed gate.
 43028 | Vaults:3 | Found a huge runed gate.
 43028 | Vaults:3 | Found a huge runed gate.
 43028 | Vaults:3 | Found a huge runed gate.
 43028 | Vaults:3 | Found a huge runed gate.
 43028 | Vaults:3 | Found a huge runed gate.
 43028 | Vaults:3 | Found a huge runed gate.
 43029 | Vaults:3 | Found a huge runed gate.
 43030 | Vaults:3 | Found a huge runed gate.
 43031 | Vaults:3 | Found a huge runed gate.
 43039 | Vaults:3 | Found a huge runed gate.
 43048 | Vaults:3 | Reached skill level 15 in Armour
 43056 | Vaults:3 | Reached skill level 1 in Shields
 43345 | Vaults:3 | Gained mutation: Your presence sometimes corrodes those you
                  | injure. [demonic ancestry]
 43345 | Vaults:3 | Reached XP level 20. HP: 47/162 MP: 13/20
 43810 | Vaults:4 | Received a gift from Trog
 43985 | Vaults:4 | Reached skill level 5 in Shields
 44083 | Vaults:4 | Identified the ring of Jet Nem {rElec EV+5}
 44369 | Vaults:4 | Killed Boris
 44787 | Vaults:5 | Entered Level 5 of the Vaults
 45092 | Depths:1 | Entered Level 1 of the Depths
 45173 | Depths:1 | Found a one-way gateway to a ziggurat.
 45575 | Depths:1 | Found a stormy altar of Qazlal.
 45747 | Depths:1 | Found a gateway to Hell.
 46296 | Depths:2 | Identified the storm talisman of Lulekem {rCorr Str+5
                  | Dex+5}
 46296 | Depths:2 | Noticed Sojobo
 46344 | Depths:2 | Found a runed translucent door.
 46500 | Depths:2 | Killed Sojobo
 46533 | Depths:2 | Reached skill level 10 in Shields
 46671 | Depths:2 | Found a runed translucent door.
 46672 | Depths:2 | Noticed a doom hound
 46673 | Depths:2 | Noticed Grunn
 46715 | Depths:2 | Killed Grunn
 46722 | Depths:2 | Noticed a doom hound
 46733 | Depths:2 | Killed a doom hound
 46741 | Depths:2 | Killed a doom hound
 46760 | Depths:2 | HP: 8/162 [poisoned by a putrid mouth (dark miasma)]
 46907 | Depths:1 | Received a gift from Trog
 47257 | Depths:2 | Identified the +0 scale mail of Divine Compulsion {rF+++
                  | MP-9 Int+2 Slay+5}
 47289 | Depths:2 | Found a runed translucent door.
 47384 | Depths:2 | Found a runed translucent door.
 47385 | Depths:2 | Found a runed translucent door.
 47385 | Depths:2 | Noticed a golden dragon
 47487 | Depths:2 | Found a one-way gate leading to the halls of Pandemonium.
 47650 | Depths:2 | Killed a golden dragon
 47800 | Depths:3 | Gained mutation: Spells you cast may paralyse nearby
                  | enemies. [demonic ancestry]
 47800 | Depths:3 | Reached XP level 21. HP: 168/168 MP: 12/21
 48282 | Depths:3 | Found a one-way gate to the infinite horrors of the Abyss.
 48802 | Depths:3 | Noticed a golden dragon
 48850 | Depths:3 | Killed a golden dragon
 48938 | Depths:3 | Received a gift from Trog
 49355 | Depths:4 | Entered Level 4 of the Depths
 49881 | Elf:1    | Entered Level 1 of the Elven Halls
 50422 | Elf:1    | Paralysed by an air elemental for 1 turns
 50944 | Elf:1    | Reached skill level 15 in Shields
 51025 | Elf:1    | Identified a scroll of acquirement
 51048 | Elf:1    | Acquired a manual of Fighting
 51206 | Elf:2    | Received a gift from Trog
 51479 | Elf:2    | Reached skill level 17 in Dodging
 51580 | Elf:2    | Paralysed by an air elemental for 1 turns
 51779 | Elf:2    | Found a runed translucent gate.
 51780 | Elf:2    | Found a runed translucent gate.
 51780 | Elf:2    | Found a runed translucent gate.
 52230 | Elf:2    | Received a gift from Trog
 52473 | Elf:2    | Reached skill level 18 in Dodging
 52511 | Elf:2    | Gained mutation: You have hooves in place of feet. [demonic
                  | ancestry]
 52511 | Elf:2    | Reached XP level 22. HP: 175/175 MP: 22/22
 52616 | Elf:3    | Entered Level 3 of the Elven Halls
 52642 | Elf:3    | Found Poff's Weapon Boutique.
 53011 | Elf:3    | Received a gift from Trog
 53389 | Elf:3    | Noticed Louise
 53399 | Elf:3    | Reached skill level 19 in Dodging
 53428 | Elf:3    | Killed Louise
 53554 | Elf:3    | Identified the +5 scimitar of Sitan {flame, rN+ Str+2 SInv}
 53554 | Elf:3    | Identified the ring "Ische" {Fire ^Contam rPois rN+ Slay+2}
 53712 | Elf:3    | Identified the +1 glaive "Derer" {protect, ^Fragile rPois
                  | rF+++}
 53713 | Elf:3    | Identified the ring of Checkmate {Wiz Str+3}
 53746 | Elf:3    | Identified the +10 short sword "Demonspawn's Death" {flame,
                  | Will+}
 53754 | Elf:3    | Identified the +1 great mace of Prescription {pain, ^Drain
                  | rElec Will+++ Str+2}
 53754 | Elf:3    | Identified the +4 scale mail of Responsibility {rPois Str+4
                  | Dex-5}
 53754 | Elf:3    | Identified the ring of Cafiygiu {rPois Will+ Int-2 Stlth+}
 53767 | Elf:3    | Received a gift from Trog
 53940 | Abyss:2  | Cast into level 2 of the Abyss (a deep elf demonologist)
 53987 | Elf:3    | Escaped the Abyss
 54177 | Elf:3    | Identified the +2 rapier of the Bouncing Lives {protect,
                  | rF+ Str+3 Dex-2}
 54184 | Elf:3    | Identified the +6 rapier of Pokkofod {venom, rN+ rCorr
                  | Int+2}
 54640 | Elf:3    | Found Poff's Weapon Boutique.
 55084 | Vaults:2 | Bought a runed plate armour for 1196 gold pieces
 55298 | Orc:2    | Bought a shiny chain mail for 187 gold pieces
 55298 | Orc:2    | Bought a glowing chain mail for 187 gold pieces
 56266 | Depths:4 | Reached skill level 20 in Dodging
 57313 | Vaults:2 | Bought a glowing buckler for 345 gold pieces
 57844 | Depths:4 | Noticed a golden dragon
 57867 | Depths:4 | Killed a golden dragon
 57883 | Depths:4 | Noticed a golden dragon
 57883 | Depths:4 | Noticed a golden dragon
 57907 | Depths:4 | Killed a golden dragon
 57912 | Depths:4 | Killed a golden dragon
 57912 | Depths:4 | Received a gift from Trog
 57943 | Depths:4 | Found a gate to the Realm of Zot.
 57985 | Depths:4 | Acquired a ring of resist corrosion
 58427 | Depths:4 | Found a shimmering blue altar of Sif Muna.
 58798 | Vaults:5 | Gained mutation: Your presence sometimes corrodes or
                  | deforms those you injure. [demonic ancestry]
 58798 | Vaults:5 | Reached XP level 23. HP: 181/181 MP: 23/23
 58837 | Vaults:5 | Identified the staff of Celuesse {rElec rN+ Str+2 Int-3
                  | Necro}
 59185 | Vaults:5 | Upgraded the game from 0.31-a0-1540-g5a0b83f448 to
                  | 0.31-a0-1549-g5ff9445e89
 59590 | Vaults:5 | Received a gift from Trog
 60103 | Vaults:5 | Found Ytofis's Antique Armour Shop.
 60121 | Vaults:5 | Found Cyt Qeer's Antique Weapon Shoppe.
 60146 | Vaults:5 | Found Ponom's Magic Scroll Shoppe.
 60159 | Vaults:5 | Bought a scroll of enchant armour for 142 gold pieces
 60159 | Vaults:5 | Bought a scroll of enchant armour for 142 gold pieces
 60159 | Vaults:5 | Bought a scroll of blinking for 142 gold pieces
 60159 | Vaults:5 | Bought a scroll of blinking for 142 gold pieces
 60159 | Vaults:5 | Bought a scroll of teleportation for 57 gold pieces
 60161 | Vaults:5 | Found Kegacezy's Jewellery Shop.
 60172 | Vaults:5 | Got a silver rune of Zot
 60279 | Vaults:5 | Identified the ring "Weobb" {Fly rC+ rN+ Int+5 Slay-3}
 61319 | Vaults:5 | Found Kegacezy's Jewellery Shop.
 61323 | Vaults:5 | Found Ponom's Magic Scroll Shoppe.
 61360 | Vaults:5 | Found Cyt Qeer's Antique Weapon Shoppe.
 61372 | Vaults:5 | Found Ytofis's Antique Armour Shop.
 62231 | Depths:3 | Voluntarily entered the Abyss.
 62282 | Abyss:3  | Found a corrupted altar of Lugonu.
 62286 | Abyss:3  | Found a corrupted altar of Lugonu.
 62370 | Abyss:3  | Got an abyssal rune of Zot
 62587 | Depths:3 | Escaped the Abyss
 62947 | Slime:1  | Entered Level 1 of the Pits of Slime
 63021 | Slime:3  | Gained mutation: You occasionally lose the ability to read
                  | scrolls when taking damage. [a shining eye]
 63096 | Slime:5  | Entered Level 5 of the Pits of Slime
 63129 | Slime:5  | Received a gift from Trog
 63327 | Slime:3  | Lost mutation: You occasionally lose the ability to read
                  | scrolls when taking damage. [potion of mutation]
 63327 | Slime:3  | Gained mutation: You occasionally lose the ability to drink
                  | potions when taking damage. [potion of mutation]
 63327 | Slime:3  | Gained mutation: Your spells are a little harder to cast,
                  | but a little more powerful. [potion of mutation]
 63327 | Slime:3  | Gained mutation: Your flesh is cold resistant. (rC+)
                  | [potion of mutation]
 63327 | Slime:3  | Gained mutation: You are partially covered in large bone
                  | plates. (SH +4) [potion of mutation]
 63328 | Slime:3  | Lost mutation: You are partially covered in large bone
                  | plates. (SH +4) [potion of mutation]
 63328 | Slime:3  | Lost mutation: Your flesh is cold resistant. (rC+) [potion
                  | of mutation]
 63328 | Slime:3  | Lost mutation: You occasionally lose the ability to drink
                  | potions when taking damage. [potion of mutation]
 63328 | Slime:3  | Gained mutation: You have an increased reservoir of magic.
                  | (+10% MP) [potion of mutation]
 63328 | Slime:3  | Gained mutation: You are weak. (Str -2) [potion of
                  | mutation]
 63357 | Slime:5  | Reached XP level 24. HP: 192/197 MP: 24/25
 63417 | Slime:5  | Found a viscous altar of Jiyva.
 63418 | Slime:5  | Noticed the Royal Jelly
 63494 | Slime:5  | Killed the Royal Jelly
 63710 | Slime:5  | Found the +9 staff of Olgreb {rPois∞}
 63750 | Slime:5  | Got a starry gem with 10 turns to spare
 63750 | Slime:5  | Got a slimy rune of Zot
 63751 | Slime:5  | Identified the amulet of Wuapp {Spirit -Tele rC+ Str+4
                  | SInv}
 63759 | Slime:5  | Lost the starry gem through the power of Zot.Gained a life
                  | (8 lives remaining)
 63762 | Slime:5  | Identified the +7 war axe of Death {heavy, *Noise rElec
                  | rC+}
 64237 | Zot:1    | Entered Level 1 of the Realm of Zot
 64670 | Zot:1    | You fall into a shaft and drop 1 floor!
 66836 | Zot:2    | Received a gift from Trog
 68000 | Zot:3    | Reached skill level 1 in Throwing
 68596 | Zot:3    | Reached skill level 5 in Throwing
 68807 | Zot:3    | Noticed a shard shrike
 68835 | Zot:3    | Killed a shard shrike
 68940 | Zot:3    | Noticed a Killer Klown
 69070 | Zot:3    | Found a transporter.
 69073 | Zot:3    | Noticed ketchum's ghost (veteran MiHu)
 69078 | Zot:3    | Found a transporter.
 69089 | Zot:3    | Identified the ring of Ben Yfya {rElec rC+ Int-5 Dex+6}
 69124 | Zot:3    | Gained mutation: Spells you cast and wands you use may
                  | paralyse nearby enemies. [demonic ancestry]
 69124 | Zot:3    | Reached XP level 25. HP: 186/217 MP: 24/25
 69131 | Zot:3    | Received a gift from Trog
 70096 | Zot:3    | Identified the +2 halberd "Bucsi" {flame, rC+ rCorr Int-3
                  | Dex+3}
 70590 | Zot:4    | Reached skill level 21 in Dodging
 71080 | Zot:4    | Received a gift from Trog
 71100 | Zot:4    | Identified the +7 mace of Paykh {drain, rCorr}
 71107 | Zot:4    | Noticed an orb of fire
 71122 | Zot:4    | Killed an orb of fire
 71482 | Zot:5    | Entered Level 5 of the Realm of Zot
 71540 | Zot:5    | Noticed Aldia's ghost (veteran DgIE)
 71664 | Zot:4    | Reached skill level 22 in Dodging
 71887 | Zot:5    | Noticed a shard shrike
 71895 | Zot:5    | Found a transporter.
 71903 | Zot:5    | Noticed a shard shrike
 71916 | Zot:5    | Found a transporter.
 73009 | Zot:5    | Noticed an orb of fire
 73021 | Zot:5    | Gained mutation: You occasionally shout uncontrollably at
                  | your foes. [an orb of fire]
 73026 | Zot:5    | Killed an orb of fire
 73219 | Zot:5    | Noticed an ancient lich
 73238 | Zot:5    | Killed an ancient lich
 73269 | Zot:5    | Reached skill level 23 in Dodging
 73347 | Zot:5    | Noticed an orb of fire
 73353 | Zot:5    | Gained mutation: Armour fits poorly on your strangely
                  | shaped body. [an orb of fire]
 73357 | Zot:5    | Killed an orb of fire
 73358 | Zot:5    | Lost mutation: You have an increased reservoir of magic.
                  | (+10% MP) [potion of mutation]
 73358 | Zot:5    | Lost mutation: Your spells are a little harder to cast, but
                  | a little more powerful. [potion of mutation]
 73358 | Zot:5    | Gained mutation: You possess an exceptional clarity of
                  | mind. [potion of mutation]
 73358 | Zot:5    | Gained mutation: You have hidden genetic potential. [potion
                  | of mutation]
 73359 | Zot:5    | Lost mutation: You possess an exceptional clarity of mind.
                  | [potion of mutation]
 73359 | Zot:5    | Lost mutation: You are weak. (Str -2) [potion of mutation]
 73359 | Zot:5    | Gained mutation: You are robust. (+10% HP) [potion of
                  | mutation]
 73496 | Zot:5    | Found a transporter.
 73511 | Zot:5    | Found a transporter.
 73784 | Zot:5    | Reached XP level 26. HP: 212/246 MP: 20/23
 74029 | Zot:5    | Noticed an orb of fire
 74037 | Zot:5    | Killed an orb of fire
 74039 | Zot:5    | Noticed an orb of fire
 74045 | Zot:5    | Killed an orb of fire
 74046 | Zot:5    | Reached skill level 24 in Dodging
 74132 | Zot:5    | Got the Orb of Zot
 74528 | D:15     | Received a gift from Trog
 74661 | D:10     | Noticed Tuaceg the pandemonium lord
 74884 | D:$      | Escaped with the Orb!

Illustrated notes

Levels and vault maps discovered:
D:1:      orjb1_clovarrival, layout_basic
D:2:      layout_basic, nicolae_grassy_gnolls, uniq_jessica
D:3:      layout_basic, chequers_temple_overflow_statue_of_worship,
          hellmonk_ecumenical_altar_dog_temple, uniq_natasha
D:4:      layout_basic, minmay_temple_entry_ruins, serial_undead,
          serial_undead_a, serial_undead_d, serial_undead_d, serial_undead_c
D:5:      minmay_diamond_boxcup, layout_basic, lexackson_kobold_supper,
          uniq_crazy_yiuf_cottage
D:6:      layout_cave_pods, mainiacjoe_overflow_alcove_2,
          nicolae_ossuary_entry_catacombs, minmay_bent
D:7:      layout_cave_pools, grunt_temple_overflow_diamond, uniq_pikel,
          uniq_menkaure
D:8:      layout_cave_pools
D:9:      layout_cave_pools, hex_large, kennysheep_generic_room_9
D:10:     layout_small_grid, hellmonk_lair_entry_icy, hive_lemuel, uniq_nergalle
D:11:     layout_cave_pools, orc_david_3, uniq_amaemon
D:12:     layout_cave_pods
D:13:     layout_loops_cross
D:14:     layout_roguey, hellmonk_vaults_keyhole, minmay_misc_feat_alley,
          hangedman_decor_peaks_small, st_stairs_6,
          nicolae_concentric_dashed_squares_mild, hellmonk_guarded_unrand_night
D:15:     regret_index_condemned_cage, layout_small_grid, hangedman_decor_points
Lair:1:   layout_gridlike, beast_lair_carwin_6, grunt_megastairs_3
Lair:2:   nzn_winding_woodlands_medium [nzn_winding_woodlands_5x5_three,
          nzn_winding_woodlands_5x15_cabin, nzn_winding_woodlands_5x5_default,
          nzn_winding_woodlands_5x5_cross,
          nzn_winding_woodlands_center_pierced_h,
          nzn_winding_woodlands_hourglass, nzn_winding_woodlands_5x5_perimeter,
          nzn_winding_woodlands_5x15_sawtooth,
          nzn_winding_woodlands_5x5_default], layout_misc_corridors,
          nicolae_swamp_entry_splash_gauntlet, nicolae_lair_liquid_snakes
Lair:3:   layout_cave_pods, spider_nest_entry_a, uniq_josephine, uniq_fannar
Lair:4:   layout_cellular_growth, nicolae_quartered_pool_medium
Lair:5:   evilmike_catoblepas_cave, layout_cave_shapes,
          dpeg_slime_entry_enclosed, special_room [special_room_mythical_zoo],
          serial_bayou_lagoon_b, serial_bayou_shore_b, uniq_kirke
Swamp:1:  layout_basic_swamp, hangedman_swamp_blocks, swamp_pool_3
Swamp:2:  layout_falls_marsh, evilmike_swamp_ruin_house_2
Swamp:3:  layout_basic_swamp, evilmike_swamp_ruin_house_5
Swamp:4:  swamp_icy, layout_basic_swamp, uniq_nikola, uniq_mlioglotl
Spider:1: layout_cave_pods, uniq_donald
Spider:2: layout_cave_pods
Spider:3: layout_spider_delve
Spider:4: johnstein_spider_rune_arachne_lair
Slime:1:  layout_caves, cheibrodos_slime_lost_civilization_7
Slime:2:  layout_caves
Slime:3:  layout_caves
Slime:4:  layout_caves
Slime:5:  slime_pit
Orc:1:    layout_diamond_mine, uniq_maurice
Orc:2:    grunt_orc_community_town_hall, layout_caves,
          grunt_orc_community_big_house_1, grunt_orc_community_big_house_2,
          grunt_orc_community_house_3, grunt_orc_community_house_1,
          grunt_orc_community_house_1, grunt_orc_community_house_2
Elf:1:    eino_elf_arrival_the_gate, layout_geoelf_octagon, evilmike_minifort
Elf:2:    nicolae_elf_blades_crystal_corner, layout_onion_city
Elf:3:    minmay_elf_hall_circle, layout_geoelf_octagon, serial_shops, shop,
          uniq_louise
Vaults:1: st_spiral_rooms, v_misc_16, v_misc_17, vaults_room_semicircle,
          v_misc_3, hangedman_vaults_corner, nicolae_vaults_mitosis, v_misc_19,
          v_misc_14, nicolae_vaults_layer_cake_slice, vaults_room_corners,
          layout_vaults_ring, nicolae_trove_entry_free_sample, uniq_norris
Vaults:2: vaults_standard_mumra_lines, nicolae_vaults_more_shelving_2,
          v_misc_14, nicolae_vaults_cochlea, hangedman_vaults_maws,
          nicolae_vaults_three_branches, nicolae_vaults_rhombus_6,
          nicolae_vaults_shelves_hall, layout_vaults_quadrants, serial_shops,
          nicolae_shop_drivethru, uniq_mennas
Vaults:3: door_vault, grunt_vaults_twisty, minmay_crypt_entry_simple_sparse,
          nicolae_vaults_stepped_doors, v_misc_22, nicolae_vaults_wine_cellar,
          nicolae_vaults_trapezoid_lopsided_3, layout_vaults_maze_snakey
Vaults:4: grunt_vaults_hallway_long, ontoclasm_vaults_idyll,
          nicolae_vaults_network_quincunx
          [nicolae_vaults_network_quincunx_subvault,
          nicolae_vaults_network_quincunx_subvault,
          nicolae_vaults_network_quincunx_subvault,
          nicolae_vaults_network_quincunx_subvault,
          nicolae_vaults_network_quincunx_subvault], v_misc_10,
          nicolae_vaults_trapezoid_layered, vaults_mumra_hex, serial_ice_m,
          nicolae_vaults_little_squares_5, nicolae_vaults_surprise_closet,
          nicolae_vaults_little_squares_5, nicolae_vaults_surprise_closet,
          vaults_mumra_minichess_inversion, special_room_vaults
          [special_room_orc], layout_vaults_chaotic_city, uniq_boris
Vaults:5: serial_shops
Depths:1: layout_roguey, enter_ziggurat_e, nicolae_qazlal_eye_of_the_storm,
          hellmouth_1, grunt_decor_mini_mirrors, serial_bayou_lake_a
Depths:2: minmay_the_grid_four_pointed_star
          [minmay_the_grid_triangle_9x9_fully_insulated_deathbox,
          minmay_the_grid_triangle_9x9_stretched_checkered,
          minmay_the_grid_triangle_9x9_descending_squares,
          minmay_the_grid_triangle_9x9_tough_junction,
          minmay_the_grid_prize_diamond_cup], layout_basic,
          nicolae_twisty_statue_hallways, grunt_pan_entry_spiral, hell_entry,
          infiniplex_staircase_zigzag_1, uniq_sojobo, uniq_grunn
Depths:3: minmay_sliced_demisemicircle, layout_basic, grunt_mini_vestibule,
          abyss_entry, infiniplex_staircase_pillars_1
Depths:4: grunt_zot_entry_bicorn, layout_long_grid, dk_noncrumbling_3,
          pf_dread_powers_of_hell, lemuel_blue_sif_altar
Zot:1:    infiniplex_zot_generator, layout_basic, regret_index_zotdec_ex
Zot:2:    layout_misc_corridors
Zot:3:    layout_onion, gammafunk_ghost_abyssal_escape,
          regret_index_zotdec_carving_tricks, hangedman_zot_spectrum
Zot:4:    dreamdust_black_sun_cult, layout_onion
Zot:5:    layout_gridville, gammafunk_ghost_berserking_beasts

Skill      XL: |  1  2  3  4  5  6  7  8  9 10 11 12 13 14 15 16 17 18 19 20 21 22 23 24 25 26 |
---------------+-------------------------------------------------------------------------------+-----
Unarmed Combat | 3 4 5 6 7 8 10 12 15 18 20 22 | 22.0
Fighting       | 4 7 10 15 18 22 | 22.0
Stealth        | 3 5 10 | 10.0
Dodging        | 8 12 13 16 18 20 23 24 | 24.4
Armour         | 3 7 10 15 16 19 | 19.6
Shields        | 2 12 15 | 15.0
Throwing       | 7 8 |  8.0

Action                     |  1- 3 |  4- 6 |  7- 9 | 10-12 | 13-15 | 16-18 | 19-21 | 22-24 | 25-27 || total
---------------------------+-------+-------+-------+-------+-------+-------+-------+-------+-------++-------
  Melee: Unarmed           |   104 |   127 |   334 |   558 |  1184 |  1730 |  1781 |  2108 |   830 ||  8756
         Punch             |     1 |     7 |    22 |    61 |   193 |   256 |   111 |       |       ||   651
         Tailslap          |       |    10 |    49 |    94 |   229 |   340 |   424 |   492 |   229 ||  1867
         Kick              |       |       |       |       |       |       |       |  1024 |   451 ||  1475
  Throw: Dart              |       |       |    12 |    42 |    35 |    28 |       |       |       ||   117
         Stone             |       |       |     3 |       |       |       |       |       |       ||     3
         Boomerang         |       |       |       |       |    18 |    78 |    23 |    78 |    78 ||   275
         Javelin           |       |       |       |       |       |       |       |     3 |       ||     3
         Throwing net      |       |       |       |       |       |       |       |     1 |       ||     1
 Invoke: Berserk           |     1 |     3 |    14 |     9 |    12 |    19 |     4 |     2 |       ||    64
         Brothers in Arms  |       |       |       |     1 |     3 |     9 |     9 |     9 |     6 ||    37
         Trog's Hand       |       |       |       |       |     7 |     6 |     7 |     3 |     1 ||    24
  Evoke: Wand              |       |     5 |     7 |     7 |    11 |     3 |     1 |     8 |     6 ||    48
         Phial of floods   |       |       |       |       |     1 |     2 |     2 |     1 |     1 ||     7
         Phantom mirror    |       |       |       |       |       |     1 |     1 |     1 |       ||     3
    Use: Scroll            |     3 |     1 |    13 |     8 |    19 |    12 |    17 |    26 |     4 ||   103
         Potion            |       |       |       |     1 |     2 |     8 |    16 |     8 |     6 ||    41
   Stab: Sleeping          |       |       |       |     9 |    11 |    17 |    29 |    15 |     2 ||    83
         Distracted        |       |       |       |       |     4 |     7 |     4 |     5 |     7 ||    27
         Petrified         |       |       |       |       |     4 |       |       |       |       ||     4
         Held in net/web   |       |       |       |       |       |       |       |     4 |       ||     4
 Armour: Animal skin       |    12 |       |       |       |       |       |       |       |       ||    12
         Ring mail         |    39 |     3 |       |       |       |    11 |       |       |       ||    53
         Leather armour    |    22 |       |       |       |       |       |       |       |       ||    22
         Scale mail        |       |    17 |       |       |       |       |    74 |       |       ||    91
         Chain mail        |       |    65 |   231 |    12 |       |   938 |       |       |       ||  1246
         Robe              |       |       |       |   167 |   385 |   188 |   485 |    87 |       ||  1312
         Acid dragon scale |       |       |       |     2 |       |       |       |       |       ||     2
         Plate armour      |       |       |       |       |       |       |       |   132 |       ||   132
         Fire dragon scale |       |       |       |       |       |       |       |   739 |   472 ||  1211
  Dodge: Dodged            |    70 |    61 |    99 |   471 |  1328 |  2076 |  1286 |  1299 |   562 ||  7252
  Block: Kite shield       |       |       |       |       |       |       |   710 |   374 |       ||  1084
         Reflection        |       |       |       |       |       |       |    47 |    34 |       ||    81
         Buckler           |       |       |       |       |       |       |       |   486 |   235 ||   721

Table legend: (Time is in decaauts)
 A = Elapsed time spent in this place.
 B = Non-inter-level travel time spent in this place.
 C = Inter-level travel time spent in this place.
 D = Time resting spent in this place.
 E = Time spent auto-exploring this place.
 F = Levels seen in this place.
 G = Mean time per level.
                   A        B        C        D        E       F      G
               +--------+--------+--------+--------+--------+-----+--------+
         Total |  73208 |  66192 |   7016 |   8454 |  35835 |  56 | 1307.3 |
       Dungeon |  16899 |  14038 |   2861 |    979 |   9284 |  15 | 1126.6 |
          Lair |   8644 |   7905 |    739 |    777 |   5032 |   5 | 1728.8 |
         Swamp |   4774 |   4620 |    154 |   1065 |   2219 |   4 | 1193.5 |
   Spider Nest |   7490 |   7241 |    249 |   1997 |   3757 |   4 | 1872.5 |
    Slime Pits |    714 |    714 |      0 |      7 |      0 |   5 |  142.8 |
  Orcish Mines |   2085 |   1883 |    202 |     87 |   1103 |   2 | 1042.5 |
   Elven Halls |   4757 |   4512 |    245 |    229 |   2196 |   3 | 1585.7 |
        Vaults |  10527 |   9484 |   1043 |    846 |   4802 |   5 | 2105.4 |
        Depths |   6880 |   5876 |   1004 |    541 |   2833 |   4 | 1720.0 |
           Zot |   9626 |   9111 |    515 |   1826 |   4511 |   5 | 1925.2 |
         Abyss |    358 |    358 |      0 |      0 |      0 |   3 |  119.3 |
       Ossuary |    449 |    449 |      0 |     97 |     95 |   1 |  449.0 |
               +--------+--------+--------+--------+--------+-----+--------+

Top non-repeatable levels by time:
Vaults:5: 2834 daAuts
Spider:4: 2833 daAuts
Vaults:4: 2775 daAuts
   Zot:3: 2686 daAuts
  Lair:2: 2532 daAuts
  Lair:5: 2468 daAuts
   Zot:5: 2376 daAuts
Depths:3: 2224 daAuts
Spider:2: 2221 daAuts
   Zot:1: 2207 daAuts
    D:15: 2132 daAuts
   Elf:3: 2094 daAuts
Vaults:2: 1978 daAuts
Depths:2: 1900 daAuts
    D:14: 1760 daAuts
